 Dungeon Crawl Stone Soup version 0.32-a0-20-ge526923d97 (webtiles) character file.

Game seed: 13456612947665200553

23557 jasper the Thaumaturge (level 12, -8/62 HPs)
             Began as a Spriggan Alchemist on Jan 17, 2024.
             Was a High Priest of Vehumet.
             Mangled by a death yak (12 damage)
             ... while petrified by a catoblepas
             ... on level 4 of the Lair of Beasts.
             The game lasted 00:23:07 (13737 turns).

jasper the Thaumaturge (Spriggan Alchemist)        Turns: 13737, Time: 00:23:08

Health: -8/62      AC:  6    Str:  4    XL:     12   Next: 72%
Magic:  26/28      EV:  4    Int: 21    God:    Vehumet [*****.]
Gold:   588        SH:  0    Dex: 16    Spells: 2/33 levels left

rFire   . . .        e - +2 short sword (elec)
rCold   . . .        G - +0 buckler
rNeg    + + +        L - +2 robe {Will+}
rPois   ∞            j - +1 hat
rElec   .            F - +0 cloak
rCorr   +            (gloves unavailable)
SInv    +            (boots unavailable)
Will    +++..        s - amulet of magic regeneration
Stlth   ++           n - ring of resist corrosion
HPRegen 0.30/turn    A - +5 ring of evasion
MPRegen 0.61/turn

%: no passive effects
@: petrified, very quick
A: very small, no large weapons, unfitting armour, see invisible, speed 3
a: Renounce Religion


You were on level 4 of the Lair of Beasts.
You worshipped Vehumet.
Vehumet was extremely pleased with you.
You visited 3 branches of the dungeon, and saw 15 of its levels.
You also visited: Bailey.

You collected 766 gold pieces.
You spent 178 gold pieces at shops.

Inventory:

Hand Weapons
 e - a +2 short sword of electrocution (weapon)
 E - a +0 short sword
Missiles
 o - a throwing net
 q - 3 atropa-tipped darts
 w - 5 datura-tipped darts
Armour
 a - a +0 robe
 j - a +1 hat (worn)
 F - a +0 cloak (worn)
 G - a +0 buckler (worn)
 L - a +2 robe of willpower (worn)
Jewellery
 m - a ring of ice
 n - a ring of resist corrosion (left hand)
 s - an amulet of magic regeneration (around neck)
 A - a +5 ring of evasion (right hand)
 K - the amulet "Otsoq" {rPois Regen+ Dex+3}
   (You found it in a bailey)

   [amulet of regeneration]

   Dex+3:     It affects your dexterity (+3).
   rPois:     It protects you from poison Regen+: It increases your rate of
   health regeneration.
 M - a ring of wizardry
Wands
 v - a wand of flame (14)
 x - a wand of digging (6)
 z - a wand of mindburst (5)
 B - a wand of charming (42)
 Q - a wand of quicksilver (4)
Scrolls
 f - 3 scrolls of revelation
 k - a scroll of brand weapon
 r - a scroll of blinking
 u - 4 scrolls of teleportation
 y - a scroll of fog
 C - 2 scrolls of silence
 D - a scroll of enchant armour
 J - 2 scrolls of identify
 P - a scroll of amnesia
Potions
 b - 2 potions of magic
 c - 5 potions of brilliance
 d - 4 potions of attraction
 g - a potion of lignification
 h - 2 potions of haste
 i - 3 potions of degeneration
 l - a potion of heal wounds
 p - a potion of resistance
 t - 3 potions of mutation
 H - a potion of might {unknown}
 I - 4 potions of cancellation {unknown}
 N - a potion of ambrosia
 O - 2 potions of curing


   Skills:
 + Level 6.6 Fighting
 + Level 10.8 Dodging
 - Level 3.0 Stealth
 - Level 5.1 Shields
 - Level 11.0 Spellcasting
 - Level 5.0 Conjurations
 * Level 10.3 Hexes
 - Level 3.0 Fire Magic
 - Level 10.0 Alchemy
 - Level 5.0 Evocations


You had 2 spell levels left.
You knew the following spells:

 Your Spells              Type           Power      Damage    Failure   Level
a - Irradiate             Conj/Alch      21%        3d18      3%          5
b - Mephitic Cloud        Conj/Alch/Air  32%        N/A       1%          3
c - Olgreb's Toxic Radia  Alch           52%        N/A       1%          4
d - Sticky Flame          Fire/Alch      38%        2d8       1%          4
e - Yara's Violent Unrav  Hex/Alch       26%        3d11      1%          5
f - Enfeeble              Hex            26%        N/A       77%         7
g - Inner Flame           Hex/Fire       39%        N/A       1%          3

Your spell library contained the following spells:

 Spells                   Type           Power      Damage    Failure   Level
 Kiss of Death            Conj/Necr      88%        2d12      1%          1
 Sting                    Conj/Alch      100%       1d9       1%          1
 Ensorcelled Hibernation  Hex/Ice        66%        N/A       1%          2
 Jinxbite                 Hex            100%       N/A       1%          2
 Mercury Vapours          Alch/Air       64%        N/A       1%          2
 Confusing Touch          Hex            53%        N/A       1%          3
 Flame Wave               Conj/Fire      28%        2d9       5%          4
 Passwall                 Erth           11%        N/A       30%         3
 Swiftness                Air            11%        N/A       30%         3
 Dispel Undead            Necr           11%        3d9       71%         4


Dungeon Overview and Level Annotations

Branches:
Dungeon (11/15)            Temple (1/1) D:6            Lair (2/5) D:11
  Slime (0/5) Lair:4       Bailey (visited)
  Swamp: Lair:2-3    Shoals: Lair:2-3     Snake: Lair:2-3    Spider: Lair:2-3
    Orc: D:9-12

Altars:
Ashenzari
Cheibriados
Dithmenos
Elyvilon
Fedhas
Gozag
Hepliaklqana
Kikubaaqudgha
Makhleb
Nemelex Xobeh
Okawaru
Qazlal
Ru
Sif Muna
Trog
Uskayaw
Vehumet
Wu Jian
Xom
Yredelemnul
Zin
The Shining One

Shops:
D:7 [*[:   D:9 [

Annotations:
D:4 Grinder
D:9 2 transporters, BigPumpCobain's ghost, novice MiFi


Innate Abilities, Weirdness & Mutations

You are very small and have problems with some larger weapons.
You are too small for most types of armour.
You have supernaturally acute eyesight. (SInv)
You cover ground extremely quickly. (Speed+++)


Message History

Unknown command.
Unknown command.
You feel much better.
You are engulfed in calcifying dust.
Your limbs have turned to stone.
The death yak looks even sicker.
Your toxic aura wanes.
A rime drake comes into view.
The death yak is engulfed in noxious fumes.
You have turned to stone.
You are engulfed in calcifying dust.
The rime drake hisses angrily.
The rime drake breathes ice at you. The icy flash freeze hits you!!
You are encased in ice.
You are engulfed in calcifying dust. x2
The catoblepas gores you.
You are engulfed in calcifying dust.
The ice encasing you melts away. The death yak gores you!!
The catoblepas breathes a plume of calcifying dust at you.
The blast of calcifying dust hits you! The death yak gores you.
The catoblepas barely misses you.
The rime drake is engulfed in calcifying dust.
The rime drake is moving more slowly.
The death yak gores you!
The catoblepas breathes a plume of calcifying dust at you.
The blast of calcifying dust hits you.
The blast of calcifying dust hits the rime drake!
You are engulfed in calcifying dust.
The rime drake is engulfed in calcifying dust.
The rime drake stops moving altogether!
The death yak gores you! The catoblepas completely misses you.
You are engulfed in calcifying dust.
The rime drake is engulfed in calcifying dust.
The death yak gores you!
* * * LOW HITPOINT WARNING * * *
The catoblepas gores you!!
* * * LOW HITPOINT WARNING * * *
You are engulfed in calcifying dust.
The rime drake is engulfed in calcifying dust.
The death yak gores you!!
You die...

. ..........#
k
(..........##
.P.........###
.#..°°.......#
...........#.#
...........###
.P.........#
#.....YY...#
#.....@...#
#.....k...#
.......§...#
...........#
.#..........#
.............#
............##
............#


You could see a death yak (very poisoned), a catoblepas (poisoned) and a rime
drake (petrified).

Vanquished Creatures
  3 two-headed ogres
  2 death yaks (Lair:4)
  A skyshark (Lair:4)
  Pikel (D:4)
  A cyclops (D:11)
  A black mamba (Lair:1)
  Maurice (D:7)
  3 cane toads
  2 gargoyles
  A kobold demonologist (D:6)
  4 rime drakes
  3 unseen horror zombies (D:8)
  2 komodo dragons (Lair:1)
  A red devil (D:10)
  3 hellwings (D:10)
  A troll (D:11)
  Sigmund (D:10)
  A vampire (Bailey)
  2 wyverns
  2 wraiths
  34 yaks
  8 humans (D:10)
  A basilisk (Lair:1)
  2 neqoxecs (D:10)
  2 acid dragons (D:11)
  5 water moccasins
  Duvessa (D:6)
  5 orc warriors
  A sky beast (D:8)
  A black bear (Lair:1)
  A hornet zombie (D:8)
  An ice beast (D:7)
  3 ogres
  12 wolves
  3 centaurs
  2 lemures (D:4)
  2 kobold brigands
  3 bullfrogs
  A necrophage (D:8)
  A gnoll sergeant (D:9)
  Blork the orc (D:6)
  2 scorpions
  5 wights
  Dowan (D:6)
  6 killer bees
  8 vampire bats (Bailey)
  3 wolf zombies (Bailey)
  An electric eel (Lair:4)
  5 howler monkeys
  A centaur zombie (D:8)
  8 hounds
  A human zombie (D:8)
  5 orc priests
  A gnoll bouda (D:5)
  3 jellies
  Ijyb (D:3)
  A sleepcap (D:6)
  8 orc wizards
  3 mummies (D:8)
  A howler monkey zombie (D:8)
  3 adders
  8 gnolls
  A river rat (D:3)
  2 white imps
  2 ribbon worms
  3 dart slugs
  36 orcs
  8 bats
  5 endoplasms
  6 giant cockroaches
  11 goblins
  6 hobgoblins
  7 jackals
  2 quokkas
  9 ball pythons
  6 frilled lizards
  16 kobolds
  21 orc zombies (Bailey)
  3 rats
345 creatures vanquished.

Notes
Turn   | Place    | Note
-------+----------+-------------------------------------------
     0 | D:1      | jasper the Spriggan Alchemist began the quest for the Orb.
     0 | D:1      | Reached XP level 1. HP: 9/9 MP: 5/5
   142 | D:1      | You fall into a shaft and drop 1 floor!
   228 | D:1      | Reached skill level 3 in Spellcasting
   231 | D:1      | Reached XP level 2. HP: 13/13 MP: 0/7
  1280 | D:2      | Found a faded altar of an unknown god.
  1465 | D:2      | Reached XP level 3. HP: 15/16 MP: 3/9
  1469 | D:2      | Learned a level 3 spell: Mephitic Cloud
  1896 | D:3      | Reached skill level 4 in Spellcasting
  2025 | D:3      | Reached XP level 4. HP: 21/21 MP: 2/11
  2037 | D:3      | Learned a level 4 spell: Olgreb's Toxic Radiance
  2392 | D:3      | Found a sacrificial altar of Ru.
  2918 | D:3      | Noticed Ijyb
  2924 | D:3      | HP: 1/21 [disintegration (6)]
  3037 | D:4      | Reached skill level 5 in Alchemy
  3037 | D:4      | Reached XP level 5. HP: 24/24 MP: 5/13
  3043 | D:4      | Reached skill level 5 in Spellcasting
  3049 | D:4      | Learned a level 4 spell: Sticky Flame
  3139 | D:4      | Reached skill level 1 in Fire Magic
  3240 | D:4      | Noticed Pikel
  3240 | D:4      | Noticed a lemure
  3240 | D:4      | Noticed a lemure
  3240 | D:4      | Noticed a lemure
  3240 | D:4      | Noticed a lemure
  3247 | D:4      | Killed a lemure
  3252 | D:4      | Killed a lemure
  3254 | D:4      | Killed Pikel
  3255 | D:4      | Reached XP level 6. HP: 24/28 MP: 6/14
  3255 | D:4      | Reached XP level 7. HP: 27/32 MP: 6/15
  3325 | D:4      | Found a blossoming altar of Fedhas.
  4090 | D:4      | Noticed Grinder
  4668 | D:5      | Entered Level 5 of the Dungeon
  4768 | D:5      | Identified the +0 leather armour "Bahelof" {rC- rN+ Will+}
  4966 | D:5      | Reached XP level 8. HP: 36/36 MP: 12/16
  5207 | D:3      | Killed Ijyb
  5316 | D:6      | Reached skill level 1 in Evocations
  5341 | D:6      | Found a staircase to the Ecumenical Temple.
  5369 | Temple   | Entered the Ecumenical Temple
  5384 | Temple   | Became a worshipper of Vehumet
  5420 | D:6      | Noticed Dowan
  5422 | D:6      | Noticed Duvessa
  5428 | D:6      | Killed Dowan
  5438 | D:6      | Reached skill level 1 in Fighting
  5439 | D:6      | Killed Duvessa
  5531 | D:6      | Reached skill level 6 in Spellcasting
  5801 | D:6      | Noticed Blork the orc
  5814 | D:6      | Killed Blork the orc
  5985 | D:6      | Noticed a kobold demonologist
  5995 | D:6      | Noticed an orange demon
  5997 | D:6      | Noticed an orange demon
  6004 | D:6      | Killed a kobold demonologist
  6005 | D:6      | Reached skill level 5 in Dodging
  6005 | D:6      | Reached XP level 9. HP: 19/43 MP: 10/20
  6112 | D:6      | Found a bloodstained altar of Trog.
  6317 | D:7      | Found Molluuth's Book Shoppe.
  6384 | D:7      | Noticed Maurice
  6395 | D:7      | Killed Maurice
  6396 | D:7      | Reached skill level 7 in Spellcasting
  6396 | D:7      | Reached skill level 5 in Evocations
  6407 | D:7      | Found Nidasih's Antique Armour Emporium.
  6415 | D:7      | Bought a buckler for 148 gold pieces
  6433 | D:7      | Reached skill level 1 in Shields
  6451 | D:7      | Found Jeag's Assorted Antiques.
  6463 | D:7      | Bought an orange potion for 30 gold pieces
  6499 | D:7      | Found a sparkling altar of Nemelex Xobeh.
  6634 | D:7      | Found Cacoew's Antique Armour Boutique.
  7220 | D:8      | Reached * piety under Vehumet
  7220 | D:8      | Offered knowledge of Freeze by Vehumet.
  7370 | D:8      | Found a basalt altar of Yredelemnul.
  7393 | D:8      | Reached skill level 5 in Shields
  7620 | D:8      | Reached XP level 10. HP: 46/49 MP: 20/22
  7801 | D:8      | Reached skill level 8 in Spellcasting
  7999 | D:9      | Found a flagged portal.
  8006 | Bailey   | Entered a bailey
  8048 | Bailey   | Offered knowledge of Sandblast by Vehumet.
  8049 | Bailey   | Reached ** piety under Vehumet
  8092 | Bailey   | Noticed a gargoyle
  8144 | Bailey   | Killed a gargoyle
  8242 | Bailey   | Identified the amulet "Otsoq" {rPois Regen+ Dex+3}
  8345 | Bailey   | Reached skill level 9 in Spellcasting
  8494 | Bailey   | Learned a level 5 spell: Yara's Violent Unravelling
  8512 | Bailey   | Offered knowledge of Frozen Ramparts by Vehumet.
  8609 | D:9      | Learned a level 7 spell: Enfeeble
  8658 | D:9      | Noticed BigPumpCobain's ghost (novice MiFi)
  8660 | D:9      | Found a transporter.
  8664 | D:9      | Found a transporter.
  8720 | D:9      | Reached *** piety under Vehumet
  8792 | D:9      | Identified the +2 flail "Qiepuren" {protect, rElec rN+}
  8840 | D:9      | Reached skill level 1 in Hexes
  9093 | D:9      | Found Giavourch's Armour Shop.
  9265 | D:9      | Offered knowledge of Inner Flame by Vehumet.
  9267 | D:9      | Found a glowing golden altar of the Shining One.
  9286 | D:9      | Learned a level 3 spell: Inner Flame
  9570 | D:10     | Entered Level 10 of the Dungeon
  9598 | D:10     | Noticed a two-headed ogre
  9608 | D:10     | Killed a two-headed ogre
  9609 | D:10     | Reached skill level 10 in Alchemy
  9792 | D:10     | Reached XP level 11. HP: 53/54 MP: 25/25
  9811 | D:10     | Found an ancient bone altar of Kikubaaqudgha.
  9897 | D:10     | Reached skill level 5 in Hexes
  9907 | D:10     | Reached **** piety under Vehumet
 10030 | D:10     | Reached skill level 5 in Fighting
 10040 | D:10     | Offered knowledge of Brom's Barrelling Boulder by Vehumet.
 10147 | D:10     | Noticed Sigmund
 10219 | D:10     | Found a glowing silver altar of Zin.
 10219 | D:10     | Noticed an angel
 10537 | D:10     | Killed Sigmund
 10895 | D:11     | Reached ***** piety under Vehumet
 11003 | D:11     | Noticed a two-headed ogre
 11017 | D:11     | Killed a two-headed ogre
 11101 | D:11     | Found a staircase to the Lair.
 11105 | D:11     | Offered knowledge of Irradiate by Vehumet.
 11457 | D:11     | Noticed a two-headed ogre
 11472 | D:11     | Killed a two-headed ogre
 11473 | D:11     | Reached skill level 10 in Spellcasting
 12096 | Lair:1   | Entered Level 1 of the Lair of Beasts
 12122 | Lair:1   | Learned a level 5 spell: Irradiate
 12201 | Lair:1   | Reached skill level 1 in Conjurations
 12294 | Lair:1   | Reached XP level 12. HP: 45/61 MP: 20/27
 12412 | Lair:1   | Reached skill level 11 in Spellcasting
 13418 | Lair:2   | You fall into a shaft and drop 2 floors!
 13425 | Lair:4   | Reached skill level 5 in Conjurations
 13425 | Lair:4   | Reached skill level 10 in Dodging
 13528 | Lair:4   | Noticed a catoblepas
 13565 | Lair:4   | Noticed a death yak
 13566 | Lair:4   | Noticed a death yak
 13566 | Lair:4   | Noticed a death yak
 13613 | Lair:4   | Killed a death yak
 13614 | Lair:4   | Reached skill level 10 in Hexes
 13622 | Lair:4   | Killed a death yak
 13627 | Lair:4   | Found a staircase to the Slime Pits.
 13737 | Lair:4   | Mangled by a death yak

Illustrated notes

Levels and vault maps discovered:
D:1:      dpeg_arrival_simpleton_b, layout_loops_ring, minmay_worlds_worst_comb
D:2:      layout_loops_cross, shapermc_ecumenical_altar_totnotflames
D:3:      layout_loops_cross, mainiacjoe_overflow_alcove_4,
          mainiacjoe_sewer_entry_somewhere_in_here_2,
          kennysheep_generic_room_15, uniq_ijyb
D:4:      layout_basic, nicolae_overflow_hidden_temple,
          lightli_ossuary_entry_decrepit_ruins, uniq_pikel, uniq_grinder
D:5:      layout_rooms
D:6:      layout_rooms, trog_book, minmay_temple_entry_enclosed_plants,
          kennysheep_generic_room_2, uniq_duvessa, uniq_blork_the_orc
D:7:      layout_basic, overflow_temple_1_default, serial_shops,
          nicolae_shop_back_alley_shop, nicolae_shop_tiny_statue_garden, shop,
          shop, uniq_maurice
D:8:      layout_basic, lemuel_mausoleum_altar_yredelemnul,
          chequers_serial_rivers_micro_a
D:9:      layout_layer_cave, nicolae_overflow_crystal_walls,
          gammafunk_ghost_hive, enter_bailey_3, serial_shops, shop
D:10:     erik_cavepeople, layout_basic, zin_angel, mainiacjoe_overflow_paths,
          nicolae_neqoxec_dot_bat
D:11:     layout_long_grid, erik_lair_island
Temple:   nicolae_temple_bog_church
Lair:1:   layout_cave_pods, minivault_26
Lair:2:   layout_cave_pods, minmay_swamp_entry_reptiles, lemuel_fruit_fields,
          serial_bayou_shore_a, grunt_megastairs_5
Lair:4:   layout_gridlike, slime_entry_1, nicolae_lair_time_for_slime

Skill      XL: |  1  2  3  4  5  6  7  8  9 10 11 12 |
---------------+-------------------------------------+-----
Spellcasting   | 3 4 5 6 7 9 10 11 | 11.0
Alchemy        | 4 5 7 9 10 | 10.0
Fire Magic     | 3 |  3.0
Dodging        | 5 6 8 9 10 | 10.8
Evocations     | 4 5 |  5.0
Fighting       | 2 3 4 6 |  6.6
Shields        | 5 |  5.1
Hexes          | 4 8 10 | 10.3
Conjurations   | 1 5 |  5.0
Stealth        | |  3.0

Action                     |  1- 3 |  4- 6 |  7- 9 | 10-12 || total
---------------------------+-------+-------+-------+-------++-------
  Melee: Short sword       |     3 |    15 |    98 |   194 ||   310
         Punch             |       |       |     2 |       ||     2
   Cast: Sting             |    81 |    42 |    33 |     2 ||   158
         Mephitic Cloud    |       |     2 |     5 |     7 ||    14
         Olgreb's Toxic Ra |       |     4 |    42 |   113 ||   159
         Sticky Flame      |       |       |    12 |    52 ||    64
         Inner Flame       |       |       |       |     8 ||     8
         Irradiate         |       |       |       |     7 ||     7
  Evoke: Wand              |       |       |       |    17 ||    17
    Use: Scroll            |     8 |     2 |     4 |     5 ||    19
         Potion            |       |       |     2 |     3 ||     5
   Stab: Sleeping          |       |       |     5 |     5 ||    10
         Confused          |       |       |       |     3 ||     3
 Armour: Robe              |     6 |     8 |    53 |    92 ||   159
  Dodge: Dodged            |    15 |    26 |   135 |   296 ||   472
  Block: Buckler           |       |       |    15 |    75 ||    90

Table legend: (Time is in decaauts)
 A = Elapsed time spent in this place.
 B = Non-inter-level travel time spent in this place.
 C = Inter-level travel time spent in this place.
 D = Time resting spent in this place.
 E = Time spent auto-exploring this place.
 F = Levels seen in this place.
 G = Mean time per level.
                   A        B        C        D        E       F      G
               +--------+--------+--------+--------+--------+-----+--------+
         Total |  10295 |  10012 |    283 |    721 |   7277 |  16 |  643.4 |
       Dungeon |   8524 |   8271 |    253 |    535 |   6212 |  11 |  774.9 |
        Temple |     19 |      3 |     16 |      0 |      0 |   1 |   19.0 |
          Lair |   1237 |   1224 |     13 |    150 |    782 |   3 |  412.3 |
        Bailey |    514 |    514 |      0 |     36 |    282 |   1 |  514.0 |
               +--------+--------+--------+--------+--------+-----+--------+

Top non-repeatable levels by time:
    D:10: 1246 daAuts
     D:4: 1229 daAuts
     D:3: 1015 daAuts
  Lair:1: 876 daAuts
     D:8: 838 daAuts
     D:9: 716 daAuts
     D:1: 692 daAuts
     D:2: 663 daAuts
     D:6: 610 daAuts
    D:11: 584 daAuts
     D:7: 573 daAuts
  Bailey: 514 daAuts
     D:5: 353 daAuts
  Lair:4: 245 daAuts
  Lair:2: 115 daAuts
